 Dungeon Crawl Stone Soup version 0.31-a0-198-g2ad674f65e (webtiles) character file.

Game seed: 16395330092067960418

65 qw the Shooter (level 3, 0/20 HPs)
             Began as a Deep Elf Hunter on June 25, 2023.
             Slain by an orc
             ... wielding a +0 hand axe
              (2 damage)
             ... on level 2 of the Dungeon.
             The game lasted 00:00:25 (1614 turns).

qw the Shooter (Deep Elf Hunter)                    Turns: 1614, Time: 00:00:25

Health: 0/20       AC:  6    Str: 10    XL:     3   Next: 92%
Magic:  5/5        EV:  9    Int: 13    God:
Gold:   122        SH:  0    Dex: 18    Spells: 2/2 levels left

rFire   . . .        Y - +0 shortbow
rCold   . . .        (shield currently unavailable)
rNeg    . . .        e - +0 scale mail
rPois   .            (no helmet)
rElec   .            (no cloak)
rCorr   .            (no gloves)
SInv    .            (no boots)
Will    .....        (no amulet)
Stlth   +            (no ring)
HPRegen 0.23/turn    (no ring)
MPRegen 0.09/turn

%: no passive effects
@: no status effects
A: no striking features
a: no special abilities


You were on level 2 of the Dungeon.
You visited 1 branch of the dungeon, and saw 3 of its levels.

You collected 122 gold pieces.


   Skills:
 - Level 1.5 Fighting
 + Level 7.4 Ranged Weapons
 - Level 2.4 Dodging
 - Level 1.2 Stealth


You had 2 spell levels left.
You didn't know any spells.
Your spell library was empty.

Inventory:

Hand Weapons
 Y - a +0 shortbow (weapon)
Armour
 e - a +0 scale mail (worn)
Potions
 a - a potion of experience {unknown}
 d - a potion of curing {unknown}
 g - a potion of heal wounds {unknown}
 h - a potion of lignification {unknown}
 i - a potion of mutation {unknown}
 j - a potion of resistance {unknown}

Dungeon Overview and Level Annotations

Branches:
Dungeon (3/15)

Altars:


Message History

You shoot an arrow. The arrow hits the orc!
You kill the orc!
The orc closely misses you. The orc barely misses you.
You shoot an arrow. The arrow barely misses the orc.
The orc hits you with a +0 hand axe. The orc hits you but does no damage. x2
The orc barely misses you.
1607 ||| STAIRDANCE You feel your willpower return.
The orc hits you but does no damage. The orc closely misses you.
You climb upwards.
There is a stone staircase leading down here.
Enter note:
Enter note:
Enter note:
Enter note:
Enter note:
Enter note:
Enter note:
Enter note:
Enter note: You shoot an arrow.
The arrow hits the orc.
The orc is heavily wounded.
The orc hits you with a +0 club. The orc misses you.
You shoot an arrow. The arrow barely misses the orc.
The orc barely misses you. The orc closely misses you.
The orc barely misses you. x2
You shoot an arrow.
The arrow hits the orc but does no damage.
The orc is heavily wounded.
The orc hits you with a +0 club. The orc hits you with a +0 hand axe.
You shoot an arrow. The arrow barely misses the orc.
The orc closely misses you. The orc hits you with a +0 hand axe.
You shoot an arrow.
The arrow hits the orc but does no damage.
The orc is heavily wounded.
The orc hits you but does no damage. The orc hits you with a +0 hand axe.
The orc hits you but does no damage. The orc closely misses you.
You shoot an arrow. The arrow completely misses the orc.
The orc hits you with a +0 club. The orc hits you with a +0 hand axe.
You die...

###### #....#
#.##.#
#############.##.#
...............o@#
###.#########.##o#
###.###.....(.##.#
..............##.#
#..#..#.......##.#
.#..#.........##.#
..#..#........##.#
#..#..#.##.#####.#
.#..#....#.# #.#


You could see 2 orcs.

Vanquished Creatures
  Terence (D:2)
  A worm (D:2)
  An orc (D:3)
  4 endoplasms
  4 goblins (D:1)
  8 hobgoblins
  A quokka (D:1)
  4 ball pythons
  2 bats
  A frilled lizard (D:2)
  2 kobolds
  3 rats (D:1)
32 creatures vanquished.

Notes
Turn   | Place    | Note
-------+----------+-------------------------------------------
     0 | D:1      | qw the Deep Elf Hunter began the quest for the Orb.
     0 | D:1      | Reached XP level 1. HP: 12/12 MP: 3/3
     0 | D:1      | 0 ||| qw: Version: 0.3-a-22-g0ed2b0b
     0 | D:1      | 0 ||| qw: Game counter: 4911
     0 | D:1      | 0 ||| qw: Melee chars always use a shield: true
     0 | D:1      | 0 ||| qw: God list: Okawaru
     0 | D:1      | 0 ||| qw: Allow faded altars: false
     0 | D:1      | 0 ||| qw: Do Orc after clearing Dungeon:15 true
     0 | D:1      | 0 ||| qw: Do second Lair branch before Depths: true
     0 | D:1      | 0 ||| qw: Lair rune preference: random
     0 | D:1      | 0 ||| qw: Goals: Normal
     0 | D:1      | 0 ||| PLANNING D:1-11
   267 | D:1      | Found a faded altar of an unknown god.
   345 | D:1      | Reached skill level 6 in Ranged Weapons
   345 | D:1      | Reached XP level 2. HP: 16/16 MP: 4/4
   874 | D:1      | 874 ||| UPGRADING to +0 scale mail.
   884 | D:1      | 884 ||| DROPPING +0 leather armour.
   885 | D:1      | 885 ||| READING scroll labelled NUKIMP FYIZIU.
   886 | D:1      | 886 ||| READING scroll labelled ZIV OKHAVVOBBU.
   887 | D:1      | 887 ||| DROPPING scroll of butterflies.
   943 | D:2      | Reached XP level 3. HP: 20/20 MP: 5/5
  1056 | D:2      | Noticed Terence
  1062 | D:2      | HP: 5/20 [Terence/+0 flail (3)]
  1066 | D:2      | Killed Terence
  1067 | D:2      | Reached skill level 7 in Ranged Weapons
  1285 | D:2      | Identified the +0 robe of Bellicose Awe {+Inv}
  1571 | D:2      | 1571 ||| READING scroll labelled TERIGE ZERAD.
  1572 | D:2      | 1572 ||| READING scroll labelled SUTWYTA JOMY.
  1573 | D:2      | 1573 ||| READING scroll labelled ZOLEON WAITEMU.
  1607 | D:3      | 1607 ||| STAIRDANCE
  1613 | D:2      | HP: 3/20 [orc/+0 hand axe (5)]
  1614 | D:2      | Slain by an orc

Levels and vault maps discovered:
D:1:      doesnt_arrival_eight_statues, layout_loops_corners,
          dreamdust_ecumenical_altar_grove
D:2:      layout_basic, kennysheep_minor_cross, minmay_misc_feat_diagonals,
          uniq_terence
D:3:      layout_loops_ring, nicolae_uskayaw_dance_hall,
          nicolae_dithmenos_shadow_blocks, gammafunk_ghost_gnarly_gnolls,
          serial_bayou, serial_bayou_shore_b, serial_bayou_lagoon_a,
          serial_bayou_shore_a, serial_bayou_pond_e

Skill      XL: |  1  2  3 |
---------------+----------+-----
Ranged Weapons | 6 7 |  7.4
Fighting       | |  1.5
Dodging        | |  2.4
Stealth        | |  1.2

Action                     || total
---------------------------++-------
   Fire: Shortbow          ||    86
    Use: Scroll            ||     5
 Armour: Leather armour    ||     2
         Scale mail        ||    10
  Dodge: Dodged            ||    35

Table legend:
 A = Non-vault XP
 B = Vault XP
 C = Vault XP percentage of total XP
 D = Non-vault monster count
 E = Vault monster count
 F = Vault count percentage of total count
                 A         B        C        D         E       F
            +---------+---------+-------+---------+---------+-------
      Total |      57 |      36 |  38.7 |      31 |       1 |   3.1
            +---------+---------+-------+---------+---------+-------
        D:1 |      33 |       0 |   0.0 |      20 |       0 |   0.0
        D:2 |      21 |      36 |  63.2 |      10 |       1 |   9.1
        D:3 |       3 |       0 |   0.0 |       1 |       0 |   0.0
            +---------+---------+-------+---------+---------+-------
